Map: Deathaura LE

Players

A.I. 2 (Elite)

  • Race: Protoss Protoss

Boomhauer - Winner!

  • Race: Protoss Protoss
  • League: Master

VOD

Have the link to the VOD?

Description

Time

  • Played on: June 14, 2021, 5:57 p.m.
  • Length: 12:47
Show
View Real Time Build Order
Export as new Build Order

A.I. 2 (Elite) Protoss 

Build Orders: Zealot Archon, Dark Templar Rush 

Get SALT Encoding   

  12  0:00  Probe  
  13  0:13  Probe  
  14  0:20  Pylon  
  14  0:25  Probe  
  15  0:34  Probe  
  15  0:42  Probe  
  16  0:47  Assimilator  
  17  0:50  Gateway  
  17  0:52  Probe  
  18  1:00  Probe  
  18  1:01  Pylon  
  19  1:08  Probe  
  20  1:18  Probe  
  21  1:34  Assimilator  
  21  1:36  Probe  
  21  1:38  Zealot  
  24  1:40  Cybernetics Core  
  24  1:49  Probe  
  25  1:57  Zealot  
  25  2:01  Probe  
  28  2:09  Warp Gate  
  28  2:13  Probe  
  29  2:18  Pylon  
  29  2:21  Twilight Council  
  28  2:25  Probe  
  28  2:27  Stalker  
  31  2:40  Gateway  
  31  2:50  Probe  
  32  3:00  Dark Shrine  
  32  3:02  Probe  
  33  3:06  Gateway  
  33  3:13  Pylon  
  33  3:14  Probe  
  34  3:21  Zealot  
  34  3:26  Probe  
  37  3:27  Zealot  
  39  3:34  Pylon  
  38  3:44  Probe  
  34  3:56  Probe  
  35  4:06  Probe  
  36  4:10  Adept  
  36  4:13  Dark Templar x2  
  42  4:17  Archon  
  42  4:31  Dark Templar  
  43  4:45  Stalker  
  45  4:46  Dark Templar  
  47  4:52  Archon  
  47  5:02  Pylon  
  47  5:03  Stalker  
  49  5:16  Dark Templar  
  51  5:23  Probe  
  52  5:40  Dark Templar  
  54  5:48  Stalker  
  56  5:57  Nexus, Archon  
  56  6:01  Pylon  
  56  6:12  Dark Templar  
  58  6:35  Dark Templar  
  60  6:42  Archon  
  60  6:53  Sentry  
  62  6:56  Forge  
  62  6:58  Adept  
  64  7:03  Forge  
  64  7:06  Pylon  
  63  7:11  Probe x2  
  63  7:19  Assimilator, Probe  
  59  7:23  Probe  
  59  7:27  Probe  
  60  7:35  Probe  
  62  7:37  Assimilator, Probe  
  62  7:41  Pylon  
  63  7:44  Pylon  
  63  7:47  Probe  
  63  7:49  Probe  
  65  7:55  Stalker  
  67  7:59  Probe  
  67  8:01  Robotics Facility, Probe  
  69  8:08  Stalker, Probe  
  72  8:13  Probe  
  72  8:19  Probe  
  73  8:20  Pylon  
  73  8:26  Probe  
  75  8:27  Probe  
  76  8:38  Stalker, Probe x2  
  80  8:49  Stalker  
  80  8:50  Probe  
  80  8:51  Observer  
  80  8:52  Probe  
  85  9:02  Sentry, Probe  
  88  9:10  Pylon  
  88  9:12  Probe  
  88  9:14  Probe  
  90  9:22  Probe  
  91  9:26  Probe  
  91  9:30  Pylon, Probe  
  92  9:37  Gateway  
  92  9:38  Probe  
  92  9:39  Probe  
  92  9:42  Pylon  
  88  9:49  Zealot  
  88  9:50  Probe x2  
  86  10:02  Probe  
  86  10:03  Probe  
  88  10:12  Pylon  
  88  10:13  Probe  
  88  10:14  Pylon, Probe  
  90  10:23  Probe  
  90  10:26  Probe  
  92  10:31  Stalker  
  92  10:32  Sentry  
  96  10:41  Zealot  
  98  10:48  Zealot  
  100  10:50  Nexus  
  100  10:54  Zealot  
  101  11:02  Stalker  
  102  11:04  Probe  
  102  11:06  Zealot  
  102  11:07  Probe  
  98  11:16  Probe x2  
  97  11:21  Pylon  
  91  11:27  Zealot  
  91  11:28  Probe  
  91  11:29  Probe  
  91  11:31  Adept  
  66  11:47  Dark Templar  
  66  11:51  Stalker  
  66  11:52  Dark Templar  
  31  12:10  Dark Templar  
  21  12:34  Zealot  
Show
View Real Time Build Order
Export as new Build Order

Boomhauer Protoss - Winner!

Build Orders:  

Get SALT Encoding   

  12  0:00  Probe  
  13  0:13  Probe  
  14  0:25  Probe  
  15  0:29  Pylon  
  15  0:47  Probe  
  15  0:48  Gateway  
  16  0:54  Assimilator  
  16  0:59  Probe  
  17  1:05  Gateway  
  17  1:11  Probe  
  18  1:23  Probe (Chrono Boost)  
  19  1:27  Assimilator  
  19  1:28  Pylon  
  20  1:34  Probe (Chrono Boost)  
  20  1:39  Cybernetics Core  
  20  1:41  Probe  
  21  1:54  Probe (Chrono Boost)  
  22  2:06  Probe (Chrono Boost)  
  23  2:15  Adept x2, Warp Gate  
  27  2:21  Probe  
  28  2:33  Probe  
  29  2:50  Pylon  
  29  2:57  Nexus  
  29  3:01  Probe  
  29  3:02  Robotics Facility  
  30  3:12  Pylon  
  30  3:14  Probe  
  31  3:30  Stalker x2  
  31  3:31  Probe  
  36  3:43  Probe  
  37  3:55  Probe (Chrono Boost)  
  38  3:56  Observer (Chrono Boost)  
  39  4:04  Forge  
  39  4:06  Gateway  
  39  4:08  Pylon  
  39  4:09  Probe (Chrono Boost)  
  40  4:11  Pylon  
  40  4:12  Probe (Chrono Boost)  
  40  4:15  Probe  
  42  4:19  Sentry  
  42  4:23  Probe  
  45  4:27  Probe  
  47  4:39  Probe, Stalker  
  47  4:41  Immortal  
  53  4:45  Shield Battery  
  53  5:09  Probe x2  
  53  5:10  Stalker x3  
  53  5:11  Protoss Ground Weapons Level 1 (Chrono Boost)  
  61  5:21  Gateway, Probe x2  
  61  5:22  Warp Prism (Chrono Boost)  
  65  5:33  Probe  
  65  5:34  Pylon, Probe  
  67  5:37  Assimilator  
  67  5:46  Probe x2  
  67  5:48  Pylon  
  69  5:50  Pylon  
  69  5:54  Immortal (Chrono Boost)  
  73  5:58  Probe x2  
  75  6:05  Assimilator  
  75  6:10  Probe x2  
  77  6:12  Pylon  
  77  6:13  Zealot  
  77  6:15  Stalker  
  81  6:21  Stalker  
  81  6:22  Probe x2  
  85  6:31  Stalker  
  87  6:36  Pylon  
  87  6:42  Robotics Bay  
  87  6:46  Pylon  
  87  6:57  Twilight Council, Probe  
  87  6:58  Probe  
  89  7:09  Probe  
  90  7:26  Probe  
  90  7:27  Probe  
  90  7:29  Stalker x3  
  98  7:30  Stalker  
  98  7:32  Disruptor (Chrono Boost)  
  103  7:48  Blink (Chrono Boost)  
  103  7:53  Nexus  
  103  7:58  Probe x2  
  102  8:00  Photon Cannon, Zealot x2  
  102  8:01  Gateway  
  102  8:03  Shield Battery  
  102  8:04  Photon Cannon  
  107  8:09  Gateway  
  107  8:10  Probe  
  107  8:11  Probe  
  109  8:14  Stalker x2  
  109  8:17  Disruptor  
  116  8:22  Probe  
  116  8:23  Probe  
  118  8:30  Pylon  
  118  8:31  Pylon  
  118  8:41  Pylon x2  
  118  8:42  Protoss Ground Weapons Level 2 (Chrono Boost)  
  120  8:48  Probe x2  
  120  8:53  Zealot x3  
  126  9:00  Probe x2  
  128  9:07  Zealot x2  
  128  9:08  Zealot  
  134  9:12  Pylon, Probe  
  135  9:17  Templar Archives  
  135  9:26  Probe  
  136  9:39  Probe  
  136  9:42  Probe  
  138  9:55  High Templar x2  
  138  9:56  High Templar x4  
  150  10:05  Archon x3  
  150  10:11  Gateway  
  150  10:12  Gateway  
  150  10:13  Gateway  
  150  10:14  Gateway  
  150  10:15  Assimilator  
  150  10:16  Assimilator, Gateway  
  150  10:26  Nexus  
  150  10:30  Nexus  
  150  10:41  Disruptor (Chrono Boost)  
  150  10:45  Charge (Chrono Boost)  
  150  10:48  Robotics Facility  
  150  10:49  Zealot x6  
  165  10:53  Probe x2  
  167  10:57  Probe  
  167  10:59  Nexus  
  168  11:05  Probe x2  
  168  11:09  Probe  
  168  11:26  Zealot x2  
  168  11:39  Zealot x9  
  184  11:58  Zealot x2  
  186  12:12  Zealot x8  
  200  12:19  Observer (Chrono Boost)  
  195  12:31  Zealot x3  
  199  12:40  Pylon x2  
  199  12:41  Pylon  
  197  12:44  Pylon  
  197  12:46  Pylon  
Tags
 
Composition
Zealot Archon
League
Master
Matchup
PvP
Add a new tag
Caveats
  • Supply blocks, unpowered buildings, or Contaminate may cause inaccurate times.
  • Supply counts are checked every 10 seconds.